 Dungeon Crawl Stone Soup version 0.31-a0-229-g1fc7ce93e2 (webtiles) character file.

Game seed: 7700625427616206127

1793 promet the Thaumaturge (level 8, -2/48 HPs)
             Began as a Deep Elf Hedge Wizard on July 6, 2023.
             Was a Follower of Dithmenos.
             Killed from afar by a steam dragon (17 damage)
             ... with a ball of steam
             ... on level 6 of the Dungeon.
             The game lasted 01:44:20 (19125 turns).

promet the Thaumaturge (Deep Elf Hedge Wizard)     Turns: 19125, Time: 01:44:37

Health: -2/48      AC:  5    Str:  9      XL:     8   Next: 82%
Magic:  20/23      EV: 13    Int: 20      God:    Dithmenos [*.....]
Gold:   274        SH:  0    Dex: 15 (17) Spells: 12/25 levels left

rFire   . . .        c - +2 dagger (venom)
rCold   . . .        (no shield)
rNeg    . . .        f - +2 robe
rPois   .            h - +0 helmet
rElec   .            (no cloak)
rCorr   .            (no gloves)
SInv    .            (no boots)
Will    .....        (no amulet)
Stlth   +++          k - ring "Exohaad" {Fly Dex+3}
HPRegen 0.28/turn    (no ring)
MPRegen 0.18/turn

%: no passive effects
@: flying, wreathed by umbra
A: no striking features
a: Renounce Religion


You were on level 6 of the Dungeon.
You worshipped Dithmenos.
Dithmenos was aware of your devotion.
You visited 1 branch of the dungeon, and saw 6 of its levels.

You collected 274 gold pieces.

Inventory:

Hand Weapons
 a - a +4 spear of pain
 b - a +0 orcbow
 c - a +2 dagger of venom (weapon)
 e - a +0 short sword of protection
 g - a +1 heavy flail
 i - a +4 trident of protection
 q - a +0 flail of draining
 r - a +0 rapier
 t - a +2 heavy spear
Missiles
 j - 2 throwing nets
 m - 50 stones
Armour
 f - a +2 robe (worn)
 h - a +0 helmet (worn)
Magical Staves
 o - a staff of conjuration
 s - a staff of cold
Jewellery
 k - the ring "Exohaad" (left hand) {Fly Dex+3}
   (You found it on level 3 of the Dungeon)

   [ring of flight]

   Dex:       It affects your dexterity (+3).
   Fly:       It grants you flight.
 u - a ring of protection from cold
Scrolls
 l - 3 scrolls of identify
Potions
 d - a potion of magic
 n - a potion of brilliance {unknown}


   Skills:
 * Level 4.2 Fighting
 + Level 1.4 Short Blades
 + Level 0.3 Polearms
 + Level 3.1 Ranged Weapons
 + Level 3.9 Dodging
 + Level 4.5 Stealth
 + Level 9.0 Spellcasting
 + Level 2.2 Conjurations
 + Level 4.3 Hexes
 + Level 3.2 Summonings
 * Level 2.7 Necromancy
 + Level 1.8 Translocations
 + Level 1.6 Evocations


You had 12 spell levels left.
You knew the following spells:

 Your Spells              Type           Power      Damage    Failure   Level
a - Magic Dart            Conj           68%        1d6       3%          1
b - Slow                  Hex            100%       N/A       1%          1
c - Blink                 Tloc           32%        N/A       5%          2
d - Call Imp              Summ           44%        N/A       3%          2
e - Cigotuvi's Dreadful   Necr/Pois/Air  24%        N/A       8%          2
f - Searing Ray           Conj           34%        2d5       4%          2
g - Mephitic Cloud        Conj/Pois/Air  12%        N/A       17%         3

Your spell library contained the following spells:

 Spells                   Type           Power      Damage    Failure   Level
 Fulminant Prism          Conj/Hex       11%        3d9       21%         4


Dungeon Overview and Level Annotations

Branches:
Dungeon (6/15)
 Temple: D:4-7

Altars:
Dithmenos
Makhleb
Qazlal
Trog
Xom
Zin
The Shining One

Shops:
D:6 (

Annotations:
D:6 Eustachio


Message History

Aiming: Slow (safe; 1% risk of failure)
Press: ? - help, Shift-Dir - straight line, f - gnoll
Aim: a gnoll, wielding a +0 flail (wandering, hasn't noticed you, chance to affect: 65%)
The gnoll struggles to resist.
The steam dragon breathes steam at you. The ball of steam hits you!
Casting: Slow (safe; 1% risk of failure)
Confirm with . or Enter, or press ? or * to list all spells.
A tiny devil pulls itself out of the air.
You are engulfed in a cloud of scalding steam.
The steam dragon barely misses you. The steam dragon misses you.
What are your orders? t - Shout!
Orders for allies: a - Attack new target. p - Attack previous target. r - Retreat! s - Stop attacking. g - Guard the area. f - Follow me.
Anything else - Cancel.
Gang up on whom?
Press: ? - help, Dir - move target, f - steam dragon, p - gnoll
Aim: a steam dragon (heavily wounded, very poisoned, ally target, umbra) Attack!
You are engulfed in a cloud of scalding steam.
The gnoll hits you but does no damage. The steam dragon bites you.
The steam dragon closely misses you.
Your cerulean imp closely misses the steam dragon.
You hit the steam dragon.
The steam dragon looks as sick as possible!
The steam dragon is severely wounded.
You are engulfed in a cloud of scalding steam.
The gnoll hits you with a +0 flail. The steam dragon breathes steam at you.
The ball of steam hits you!
Okay, then.
You feel better.
You are engulfed in a cloud of scalding steam.
Your cerulean imp barely misses the steam dragon.
The gnoll hits you with a +0 flail! The steam dragon breathes steam at you.
The ball of steam hits you!
You die...

######### #.......###
..#. ## ###.........#
........#......###..#
.... #......#####.#
#.. ###....##.@.).#
#..##..##..##D∩g..#
###...#......##.5...#
..............#####.#
##......##...# ..#
####.......)........#
.#.............######
.............>.##
................#


You could see a steam dragon (extremely poisoned, catching breath, ally target),
a gnoll and a friendly cerulean imp (summoned).

Vanquished Creatures
  An ice beast (D:5)
  A wolf (D:6)
  A centaur (D:6)
  2 phantoms
  3 gnoll sergeants (D:6)
  2 scorpions
  4 hounds
  A gnoll bouda (D:6)
  2 orc priests
  A jelly (D:6)
  2 iguanas
  Jessica (D:2)
  An orc wizard (D:6)
  14 gnolls
  5 adders
  2 ufetubi (D:6)
  18 orcs
  5 ball pythons
  5 bats
  6 endoplasms
  2 giant cockroaches (D:1)
  8 hobgoblins
  2 jackals (D:6)
  8 kobolds
  7 quokkas
  A frilled lizard (D:2)
  3 goblins
  6 rats
114 creatures vanquished.

Vanquished Creatures (collateral kills)
  Menkaure (D:5)
  A centaur (D:6)
  A gnoll sergeant (D:6)
  2 hounds
  An orc priest (D:5)
  An iguana (D:5)
  2 orc wizards
  3 gnolls
  A dart slug (D:3)
  5 orcs
  A ball python (D:1)
  3 endoplasms (D:2)
  A giant cockroach (D:2)
  A kobold (D:2)
24 creatures vanquished.

Grand Total: 138 creatures vanquished

Notes
Turn   | Place    | Note
-------+----------+-------------------------------------------
     0 | D:1      | promet the Deep Elf Hedge Wizard began the quest for the
                  | Orb.
     0 | D:1      | Reached XP level 1. HP: 10/10 MP: 7/7
   233 | D:1      | Reached skill level 5 in Spellcasting
   391 | D:1      | Reached XP level 2. HP: 9/15 MP: 5/10
   736 | D:1      | Learned a level 1 spell: Slow
   739 | D:1      | Learned a level 2 spell: Blink
   742 | D:1      | Learned a level 2 spell: Call Imp
  2651 | D:2      | Reached XP level 3. HP: 17/20 MP: 5/11
  3131 | D:2      | Noticed Jessica
  3142 | D:2      | Killed Jessica
  3143 | D:2      | Reached skill level 1 in Fighting
  3143 | D:2      | Reached XP level 4. HP: 23/25 MP: 4/13
  4335 | D:2      | Reached skill level 6 in Spellcasting
  5356 | D:3      | Reached skill level 1 in Hexes
  5556 | D:3      | Found a shimmering altar of Xom.
  6266 | D:3      | Reached XP level 5. HP: 29/29 MP: 11/15
  6669 | D:3      | Found a glowing silver altar of Zin.
  6722 | D:3      | Found a bloodstained altar of Trog.
  6885 | D:3      | Identified the ring "Exohaad" {Fly Dex+3}
  7965 | D:4      | Noticed a black bear
  7970 | D:4      | Learned a level 2 spell: Cigotuvi's Dreadful Rot
  8375 | D:4      | Found a shadowy altar of Dithmenos.
  8383 | D:4      | Became a worshipper of Dithmenos the Shadowed
  8657 | D:5      | Entered Level 5 of the Dungeon
  8743 | D:5      | Found a burning altar of Makhleb.
  8743 | D:5      | Noticed a blizzard demon
  8790 | D:5      | Reached XP level 6. HP: 17/35 MP: 11/17
  9336 | D:5      | Reached skill level 7 in Spellcasting
  9439 | D:5      | Noticed an ice beast
 10536 | D:5      | Found a stormy altar of Qazlal.
 11160 | D:5      | Noticed Menkaure
 11189 | D:5      | Reached XP level 7. HP: 35/38 MP: 15/19
 12131 | D:6      | Reached skill level 1 in Short Blades
 12636 | D:6      | Reached skill level 8 in Spellcasting
 12770 | D:6      | Learned a level 2 spell: Searing Ray
 13326 | D:6      | Reached skill level 1 in Evocations
 13676 | D:6      | Reached XP level 8. HP: 30/46 MP: 19/22
 13834 | D:6      | Found a glowing golden altar of the Shining One.
 16564 | D:6      | Reached skill level 1 in Ranged Weapons
 16796 | D:6      | Reached skill level 1 in Necromancy
 17765 | D:6      | Learned a level 3 spell: Mephitic Cloud
 17934 | D:6      | Noticed Eustachio
 18108 | D:5      | Killed Menkaure
 18109 | D:5      | Reached skill level 9 in Spellcasting
 18442 | D:6      | Reached * piety under Dithmenos
 19114 | D:6      | Found Limeex's Weapon Shoppe.
 19125 | D:6      | Killed from afar by a steam dragon

Illustrated notes

Levels and vault maps discovered:
D:1:      grunt_arrival_lava_bath, layout_basic
D:2:      layout_loops_ring, uniq_jessica
D:3:      layout_basic, lemuel_crystal_altar, zin_treasury,
          mainiacjoe_overflow_small_starburst
D:4:      layout_cave_pools, nicolae_hepliaklqana_hippocampus,
          nicolae_dithmenos_through_a_glass_darkly
D:5:      layout_basic, makhleb_altar_promises_db, grunt_qazlal_clouds,
          uniq_menkaure
D:6:      layout_cave_pools, nicolae_tso_swordbearing_angel, serial_gnoll_camp,
          gnoll_camp_mini_basic, gnoll_camp_mini_hut, gnoll_camp_huts_basic,
          gnoll_camp_mini_hut, gnoll_camp_mini_house, gnoll_camp_mini_shop,
          uniq_eustachio

Skill      XL: |  1  2  3  4  5  6  7  8 |
---------------+-------------------------+-----
Spellcasting   | 5 6 7 8 9 |  9.0
Stealth        | 3 4 |  4.5
Fighting       | 1 2 3 4 |  4.2
Hexes          | 1 2 3 4 |  4.3
Dodging        | 3 |  3.9
Summonings     | 2 3 |  3.2
Conjurations   | 2 |  2.2
Short Blades   | 1 |  1.4
Evocations     | 1 |  1.6
Ranged Weapons | 3 |  3.1
Necromancy     | 2 |  2.7
Polearms       | |  0.3
Translocations | |  1.8

Action                     |  1- 3 |  4- 6 |  7- 9 || total
---------------------------+-------+-------+-------++-------
  Melee: Short sword       |    44 |    10 |    79 ||   133
         Dagger            |     2 |    54 |    50 ||   106
         Punch             |     1 |       |     3 ||     4
         Spear             |       |    29 |    38 ||    67
         Flail             |       |       |     5 ||     5
         Rapier            |       |       |     1 ||     1
   Fire: Orcbow            |       |       |   104 ||   104
   Cast: Magic Dart        |    60 |   120 |    17 ||   197
         Slow              |    17 |    75 |    71 ||   163
         Blink             |     1 |    12 |    12 ||    25
         Call Imp          |     1 |    36 |    45 ||    82
         Cigotuvi's Dreadf |       |     2 |       ||     2
         Searing Ray       |       |       |     6 ||     6
    Use: Scroll            |     3 |     7 |     1 ||    11
         Potion            |       |     4 |     3 ||     7
   Stab: Sleeping          |     5 |     2 |     3 ||    10
         Distracted        |     1 |     3 |     3 ||     7
 Armour: Robe              |     8 |    23 |    70 ||   101
  Dodge: Dodged            |    33 |    64 |   189 ||   286

Table legend: (Time is in decaauts)
 A = Elapsed time spent in this place.
 B = Non-inter-level travel time spent in this place.
 C = Inter-level travel time spent in this place.
 D = Time resting spent in this place.
 E = Time spent auto-exploring this place.
 F = Levels seen in this place.
 G = Mean time per level.
                   A        B        C        D        E       F      G
               +--------+--------+--------+--------+--------+-----+--------+
         Total |  19160 |  18726 |    434 |  11044 |    823 |   6 | 3193.3 |
       Dungeon |  19160 |  18726 |    434 |  11044 |    823 |   6 | 3193.3 |
               +--------+--------+--------+--------+--------+-----+--------+

Top non-repeatable levels by time:
     D:5: 4765 daAuts
     D:6: 4330 daAuts
     D:1: 3078 daAuts
     D:4: 2672 daAuts
     D:3: 2589 daAuts
     D:2: 1723 daAuts
